 Dungeon Crawl Stone Soup version 0.21.1-1-g345015f (webtiles) character file.

108 Limpidissima the Shield-Bearer (level 4, -13/41 HPs)
             Began as a Minotaur Fighter on July 30, 2018.
             Mangled by Asura's ghost (17 damage)
             ... on level 3 of the Dungeon.
             The game lasted 00:05:08 (2177 turns).

Limpidissima the Shield-Bearer (Minotaur Fighter)   Turns: 2177, Time: 00:05:09

Health: -13/41     AC:  7    Str: 24 (27) XL:     4   Next: 58%
Magic:  12/12      EV:  7    Int:  2 (5)  God:
Gold:   113        SH:  9    Dex:  7 (9)  Spells: 3/3 levels left

rFire    . . .     SeeInvis .   a - +0 war axe
rCold    . . .     Gourm    .   c - +0 shield
rNeg     . . .     Faith    .   b - +0 scale mail
rPois    .         Spirit   .   (helmet restricted)
rElec    .         Reflect  .   (no cloak)
rCorr    .         Harm     .   (no gloves)
MR       .....                  (no boots)
Stlth    ..........             (no amulet)
HPRegen  0.13/turn              h - ring of magical power
MPRegen  0.13/turn              (no ring)

@: mighty
A: retaliatory headbutt, horns 2
a: no special abilities


You were on level 3 of the Dungeon.
You were not hungry.

You visited 1 branch of the dungeon, and saw 4 of its levels.

You collected 113 gold pieces.

Inventory:

Hand Weapons
 a - a +0 war axe (weapon)
 s - a +1 flail of holy wrath
Armour
 b - a +0 scale mail (worn)
 c - a +0 shield (worn)
Jewellery
 h - a ring of magical power (left hand)
Scrolls
 e - a scroll of teleportation {unknown}
 j - a scroll of enchant armour {unknown}
 k - a scroll of fear {unknown}
 m - a scroll of identify {unknown}
 p - a scroll of blinking {unknown}
Potions
 g - 2 potions of brilliance {unknown}
 i - 4 potions of curing {unknown}
 n - 3 potions of agility {unknown}
 q - 2 potions of resistance {unknown}
 r - a potion of lignification {unknown}
Comestibles
 f - 3 rations


   Skills:
 + Level 4.5 Fighting
 + Level 3.5 Axes
 + Level 4.4 Armour
 + Level 4.5 Shields


You had 3 spell levels left.
You didn't know any spells.

Dungeon Overview and Level Annotations

Branches:
Dungeon (4/15)
 Temple: D:4-7

Altars:
Gozag

Annotations:
D:3 Asura's ghost, amateur MiBe


Innate Abilities, Weirdness & Mutations

You reflexively headbutt those who attack you in melee.
You have a pair of horns on your head.


Message History

Asura's ghost is too close now for your liking.
Asura's ghost is nearby!
It was a potion of degeneration.
There was something very wrong with that liquid.
You feel weakened.
You feel dopey.
You feel clumsy.
It was a potion of magic.
Magic courses through your body.
You feel very mighty all of a sudden. You block Asura's ghost's attack.
You closely miss Asura's ghost. Asura's ghost hits you!
You barely miss Asura's ghost. Asura's ghost hits you.
Asura's ghost keens inconsolably.
Asura's ghost hits you.
You slash Asura's ghost!
Asura's ghost is heavily damaged.
Asura's ghost hits you!!
* * * LOW HITPOINT WARNING * * *
You hit Asura's ghost. You headbutt Asura's ghost.
Asura's ghost is heavily damaged.
You block Asura's ghost's attack. Asura's ghost hits you!
You die...

#.# #.# #..#....<.. .
####.###.####..######..###
###. #.......W.........
.....#. .#..
#.......####.#.###
##....###...# #....(..# #W#
....#..#..# . #.......# #.
#.###...###. #....)..# #.
#..#..#..#.. #..>....#
#.#########....###...#
#.......#
#...W@......##..#..#..
####.####
#########...##....## . #.#
#>....##..#.# #.#
#.....###.#.# #.#
######.....###.#.#
#.#########)..###(..(.)....#
#.............# ##.#########
###########...####.#
##.......#


You could see Asura's ghost.

Vanquished Creatures
  3 gnolls (D:4)
  An adder (D:3)
  An ooze (D:1)
  2 worms
  A dart slug (D:2)
  3 leopard geckos
  2 orcs (D:3)
  5 bats (D:1)
  4 giant cockroaches (D:1)
  9 goblins
  3 hobgoblins
  4 jackals (D:1)
  A quokka (D:2)
  A ball python (D:2)
  3 frilled lizards
  5 kobolds
  4 rats
52 creatures vanquished.

Notes
Turn   | Place    | Note
-------+----------+-------------------------------------------
     0 | D:1      | Limpidissima the Minotaur Fighter began the quest for the Orb.
     0 | D:1      | Reached XP level 1. HP: 19/19 MP: 0/0
   110 | D:1      | Reached XP level 2. HP: 27/27 MP: 1/1
   339 | D:1      | Reached XP level 3. HP: 33/33 MP: 2/2
   808 | D:2      | Found an opulent altar of Gozag.
  1709 | D:3      | Reached XP level 4. HP: 41/41 MP: 3/3
  1765 | D:3      | Noticed Asura's ghost (amateur MiBe)
  1796 | D:3      | You fall through a shaft!
  2177 | D:3      | Mangled by Asura's ghost

Skill      XL: |  1  2 |
---------------+-------+-----
Fighting       | 4 |  4.5
Shields        | 4 |  4.5
Armour         | 4 |  4.4
Axes           | 3 |  3.5

Action                   |  1- 3 |  4- 6 || total
-------------------------+-------+-------++-------
Melee: War axe           |    97 |    29 ||   126
       Headbutt          |    19 |     5 ||    24
  Use: Potion            |       |     3 ||     3
  Eat: Chunk             |     3 |     1 ||     4
Armor: Scale mail        |    48 |     6 ||    54
Dodge: Dodged            |    33 |    10 ||    43
Block: Shield            |    58 |    16 ||    74
